 Dungeon Crawl Stone Soup version 0.29-a0-283-ga02f740833 (webtiles) character file.

Game seed: 12623352331339076099

99 Conn the Sneak (level 4, 0/27 HPs)
             Began as an Octopode Fire Elementalist on Mar 13, 2022.
             Was a Follower of the Shining One.
             Slain by an orc priest
             ... wielding a +0 club
              (6 damage)
             ... on level 3 of the Dungeon.
             The game lasted 00:03:42 (2731 turns).

Conn the Sneak (Octopode Fire Elementalist)         Turns: 2731, Time: 00:03:47

Health: 0/27       AC:  1    Str:  7    XL:     4   Next: 72%
Magic:  4/8        EV: 13    Int: 19    God:    the Shining One [*.....]
Gold:   59         SH:  6    Dex: 12    Spells: 7/8 levels left

rFire   . . .      SeeInvis .   b - +0 dagger
rCold   . . .      Faith    .   c - orb {mayhem}
rNeg    . . .      Spirit   .   (helmet restricted)
rPois   .          Reflect  .   (no amulet)
rElec   .          Harm     .   (no ring)
rCorr   .          Rampage  .   (no ring)
Will    .....                   (no ring)
Stlth   ++........              (no ring)
HPRegen 0.09/turn               (no ring)
MPRegen 0.11/turn               (no ring)
                                (no ring)
                                (no ring)

@: divinely shielded, glowing
A: almost no armour, amphibious, 8 rings, camouflage 1, gelatinous body 1,
(nimble swimmer 1), tentacles
a: Renounce Religion, Divine Shield


You were on level 3 of the Dungeon.
You worshipped the Shining One.
The Shining One was aware of your devotion.
You visited 1 branch of the dungeon, and saw 3 of its levels.

You collected 59 gold pieces.

Inventory:

Hand Weapons
 b - a +0 dagger (weapon)
Armour
 c - an orb of mayhem (worn)
Scrolls
 d - 2 scrolls of teleportation {unknown}
 i - 2 scrolls of identify {unknown}
 l - a scroll of enchant armour {unknown}
Potions
 a - a potion of magic
 e - a potion of curing {unknown}
 f - a potion of berserk rage {unknown}
 g - 2 potions of brilliance {unknown}
 h - a potion of degeneration {unknown}
 j - a potion of flight {unknown}
 k - a potion of might {unknown}


   Skills:
 + Level 2.3 Dodging
 + Level 3.9 Stealth
 + Level 2.8 Spellcasting
 + Level 1.7 Conjurations
 + Level 3.8 Fire Magic


You had 7 spell levels left.
You knew the following spells:

 Your Spells              Type           Power      Damage    Failure   Level
a - Foxfire               Conj/Fire      52%        2x1d6     4%          1

Your spell library contained the following spells:

 Spells                   Type           Power      Damage    Failure   Level
 Scorch                   Fire           34%        2d7       4%          2
 Conjure Flame            Conj/Fire      13%        6-21      14%         3
 Inner Flame              Hex/Fire       9%         N/A       22%         3
 Flame Wave               Conj/Fire      13%        2d6       43%         4


Dungeon Overview and Level Annotations

Branches:
Dungeon (3/15)

Altars:
The Shining One


Innate Abilities, Weirdness & Mutations

You cannot wear most types of armour.
You are amphibious.
You can wear up to eight rings at the same time.
Your skin changes colour to match your surroundings (Stealth+).
Your rubbery body absorbs attacks. (AC +1, EV +1)
((You are camouflaged when in or above water. (Stealth+)))
You have tentacles for arms and can constrict up to eight enemies at once.


Message History

The hobgoblin shouts!
You hear a shout!
A ball python comes into view.
You hit the hobgoblin. You grab the hobgoblin.
The hobgoblin is almost dead.
You constrict the hobgoblin.
You kill the hobgoblin!
You hit the ball python.
You kill the ball python!
An orc priest comes into view. It is wielding a +0 club.
Found a stone staircase leading down.
An orc comes into view. It is wielding a +0 flail.
The orc shouts!
You hit the orc priest but do no damage.
You grab the orc priest. You constrict the orc priest.
The orc priest hits you with a +0 club.
You hit the orc priest.
The orc priest is moderately wounded.
You constrict the orc priest, but do no damage.
The orc priest calls down the wrath of Beogh upon you.
Pain shoots through your body!
You hit the orc priest but do no damage.
The orc priest is moderately wounded.
You constrict the orc priest, but do no damage.
An orc comes into view. It is wielding a +0 hand axe.
The orc priest hits you with a +0 club.
* * * LOW HITPOINT WARNING * * *
Unknown command.
You are too injured to fight recklessly!
Okay, then.
Your shield is strengthened by the Shining One's divine power.
You constrict the orc priest, but do no damage.
The orc priest miscasts a cantrip.
Casting: Foxfire (safe; 4% risk of failure)
Confirm with . or Enter, or press ? or * to list all spells.
You conjure some foxfire!
You constrict the orc priest, but do no damage.
The foxfire hits the orc.
The orc is almost dead.
The orc priest hits you with a +0 club.
You die...

#.# #>#.#...#####.
#.# #.#.##.## ##
#.# #.#.##.# #.#
#.#.##.#
###.###.#.##.#
#.....#.#.##.#
#####.#.#.#.#.##.#
......v............
.####.#@#.#...#####
#.oo..###.# ###.###
.# #.# .# #.# . >..
. o.# ..#


You could see an orc priest (ally target) and 2 orcs.

Vanquished Creatures
  Crazy Yiuf (D:2)
  Terence (D:2)
  An adder (D:2)
  3 endoplasms
  3 giant cockroaches
  5 goblins
  6 hobgoblins
  A kobold (D:1)
  A quokka (D:2)
  4 ball pythons
  3 bats
  3 frilled lizards (D:1)
  7 rats
39 creatures vanquished.

Vanquished Creatures (others)
  99 foxfires
  A fungus (D:2)
100 creatures vanquished.

Grand Total: 139 creatures vanquished

Notes
Turn   | Place    | Note
-------+----------+-------------------------------------------
     0 | D:1      | Conn the Octopode Fire Elementalist began the quest for the
                  | Orb.
     0 | D:1      | Reached XP level 1. HP: 11/11 MP: 3/3
   599 | D:1      | Reached XP level 2. HP: 17/17 MP: 0/5
  1473 | D:2      | Reached XP level 3. HP: 21/21 MP: 6/6
  1706 | D:2      | Noticed Terence
  1714 | D:2      | Killed Terence
  1944 | D:2      | Reached XP level 4. HP: 27/27 MP: 7/7
  1961 | D:2      | Found a faded altar of an unknown god.
  1967 | D:2      | Prayed at the altar of an unknown god.
  1967 | D:2      | Became a worshipper of the Shining One
  1967 | D:2      | Reached * piety under the Shining One
  2337 | D:2      | Found a runed translucent door.
  2338 | D:2      | Noticed Crazy Yiuf
  2363 | D:2      | Killed Crazy Yiuf
  2731 | D:3      | Slain by an orc priest

Illustrated notes

Levels and vault maps discovered:
D:1:      heliophobic_arrival_dark_side_of_the_moon, layout_basic
D:2:      layout_basic, dreamdust_ecumenical_altar_angels_and_demons,
          minmay_pentomino_r4, uniq_terence, uniq_crazy_yiuf_cottage
D:3:      layout_loops_ring, portal_sewer_entry_d, serial_aquarium,
          aquarium_bridge_straight [aquarium_subvault_bridge,
          aquarium_subvault_window, aquarium_subvault_bridge,
          aquarium_subvault_window], aquarium_bridge_square
          [aquarium_subvault_balcony, aquarium_subvault_bridge,
          aquarium_subvault_window, aquarium_subvault_balcony],
          aquarium_window_corridor_2, aquarium_window_1, aquarium_view_2e,
          aquarium_view_2a, aquarium_pool_double, uniq_grinder

Skill      XL: |  1  2 |
---------------+-------+-----
Stealth        | 3 |  3.9
Dodging        | |  2.3
Spellcasting   | |  2.8
Conjurations   | |  1.7
Fire Magic     | |  3.8

Action                   |  1- 3 |  4- 6 || total
-------------------------+-------+-------++-------
Melee: Constrict         |     6 |     6 ||    12
       Unarmed           |     1 |       ||     1
       Dagger            |    19 |    26 ||    45
       Punch             |     1 |       ||     1
       Tentacles         |     1 |     8 ||     9
 Cast: Foxfire           |    52 |     6 ||    58
Invok: Divine Shield     |       |     1 ||     1
 Stab: Sleeping          |     7 |       ||     7
Armor: Skin              |     1 |     1 ||     2
Dodge: Dodged            |    15 |    11 ||    26

Table legend: (Time is in decaauts)
 A = Elapsed time spent in this place.
 B = Non-inter-level travel time spent in this place.
 C = Inter-level travel time spent in this place.
 D = Time resting spent in this place.
 E = Time spent auto-exploring this place.
 F = Levels seen in this place.
 G = Mean time per level.
                   A        B        C        D        E       F      G
               +--------+--------+--------+--------+--------+-----+--------+
         Total |   2729 |   2671 |     58 |      0 |   2268 |   3 |  909.7 |
       Dungeon |   2729 |   2671 |     58 |      0 |   2268 |   3 |  909.7 |
               +--------+--------+--------+--------+--------+-----+--------+

Top non-repeatable levels by time:
     D:1: 1395 daAuts
     D:2: 1251 daAuts
     D:3: 82 daAuts
